 Dungeon Crawl Stone Soup version 0.28-a0-194-g42b4daccc1 (webtiles) character file.

Game seed: 17722517180950178027

3434 gruber the Thaumaturge (level 10, -2/60 HPs)
             Began as a Djinni Hedge Wizard on Aug 19, 2021.
             Was an Initiate of Makhleb.
             Slain by Harold (11 damage)
             ... on level 8 of the Dungeon.
             The game lasted 00:12:38 (12689 turns).

gruber the Thaumaturge (Djinni Hedge Wizard)       Turns: 12689, Time: 00:12:38

Health: -2/60      AC:  2    Str:  9    XL:     10   Next: 25%
Gold:   322        EV: 16    Int: 19    God:    Makhleb [......] SH:  0 Dex: 13

rFire   + + +      SeeInvis .   D - +0 whip (freeze)
rCold   x . .      Faith    .   (no shield)
rNeg    . . .      Spirit   .   r - +0 robe {rF+}
rPois   ∞          Reflect  .   c - +0 hat
rElec   .          Harm     .   (no cloak)
rCorr   .          Rampage  .   (no gloves)
Will    +....                   (boots unavailable)
Stlth   ++........              (no amulet)
HPRegen 0.20/turn               (no ring)
MPRegen 0.00/turn               (no ring)

@: flying
A: sickness immunity, fire resistance 2, cold vulnerability 1, float, innate
caster, hp casting, extra vitality 1
a: Renounce Religion


You were on level 8 of the Dungeon.
You worshipped Makhleb.
Makhleb was noncommittal.
You visited 2 branches of the dungeon, and saw 9 of its levels.

You collected 322 gold pieces.

Inventory:

Hand Weapons
 a - a +0 dagger
 D - a +0 whip of freezing (weapon)
Missiles
 j - 51 poisoned darts
 x - a throwing net
Armour
 b - a +0 robe
 c - a +0 hat (worn)
 r - a +0 robe of fire resistance (worn)
 B - a +0 ring mail of cold resistance
Magical Staves
 l - a staff of air
Jewellery
 y - an amulet of the acrobat
Wands
 u - a wand of paralysis (8)
Scrolls
 f - 8 scrolls of identify {unknown}
 g - 2 scrolls of acquirement {unknown}
 h - a scroll of blinking {unknown}
 i - a scroll of enchant weapon {unknown}
 n - 2 scrolls of brand weapon {unknown}
 o - a scroll of torment {unknown}
 q - 2 scrolls of teleportation {unknown}
 t - a scroll of silence {unknown}
 z - a scroll of immolation {unknown}
 A - a scroll of vulnerability {unknown}
Potions
 d - 2 potions of degeneration {unknown}
 e - a potion of resistance {unknown}
 k - 2 potions of haste {unknown}
 m - 3 potions of brilliance {unknown}
 p - 2 potions of curing {unknown}
 s - 2 potions of heal wounds {unknown}
 v - a potion of invisibility {unknown}
 w - 2 potions of ambrosia {unknown}
 C - 2 potions of attraction {unknown}
 E - a potion of might {unknown}
 F - a potion of flight {unknown}
 G - 2 potions of cancellation {unknown}
 H - a potion of mutation {unknown}


   Skills:
 - Level 1.1 Maces & Flails
 * Level 9.1 Dodging
 - Level 1.5 Stealth
 - Level 9.1 Spellcasting


You had 5 spell levels left.
You knew the following spells:

 Your Spells              Type           Power      Damage    Failure   Level
a - Magic Dart            Conj           100%       1d8       1%          1
b - Blink                 Tloc           N/A        N/A       1%          2
c - Call Imp              Summ           43%        N/A       1%          2
d - Slow                  Hex            43%        N/A       1%          2
e - Conjure Flame         Conj/Fire      43%        6-21      1%          3
f - Mephitic Cloud        Conj/Pois/Air  43%        N/A       1%          3
g - Apportation           Tloc           86%        N/A       1%          1
h - Poisonous Vapours     Pois/Air       86%        N/A       1%          2
i - Teleport Other        Tloc           43%        N/A       1%          3
j - Summon Guardian Gole  Hex/Summ       43%        N/A       1%          3
Your spell library was empty.

Dungeon Overview and Level Annotations

Branches:
Dungeon (8/15)             Temple (1/1) D:6
   Lair: D:8-11

Altars:
Ashenzari
Cheibriados
Elyvilon
Fedhas
Gozag
Hepliaklqana
Kikubaaqudgha
Makhleb
Nemelex Xobeh
Qazlal
Ru
Trog
Uskayaw
Wu Jian
Xom
Yredelemnul
The Shining One

Shops:
D:5 ?

Annotations:
D:8 Harold


Innate Abilities, Weirdness & Mutations

You are immune to sickness and miasma.
You are immune to poison.
Your flesh is very heat resistant. (rF++)
You are vulnerable to cold. (rC-)
You float through the air rather than walking.
You learn spells naturally, not from books.
Your magical power is your life essence.
You have superior vitality. (+4 HP)


Message History

Unknown command.
Unknown command.
Harold fires a harpoon shot at you. The harpoon shot hits you!
You are yanked forward by the harpoon shot.
Casting: Poisonous Vapours (safe; 1% risk of failure)
Confirm with . or Enter, or press ? or * to list all spells.
Aiming: Mephitic Cloud (safe; 1% risk of failure)
Press: ? - help, Shift-Dir - straight line, f/p - Harold
Aim: Harold, wielding a +0 morningstar and wearing a +0 scale mail (lightly wounded, extremely poisoned, chance to affect: 58%)
The ball explodes into a vile cloud!
The stinking cloud engulfs Harold but does no damage.
Harold is lightly wounded.
The stinking cloud engulfs you but does no damage.
Harold is engulfed in noxious fumes.
Harold says, "This is so exciting!
What a great way to end my career!"
Harold barely misses you.
Unknown command.
Unknown command.
Unknown command.
Harold is engulfed in noxious fumes.
You hit Harold but do no damage.
Harold is lightly wounded.
Harold is engulfed in noxious fumes.
Harold hits you with a +0 morningstar!!
* * * LOW HITPOINT WARNING * * *
Unknown command.
Unknown command.
Harold is engulfed in noxious fumes.
Casting: Mephitic Cloud (safe; 1% risk of failure)
Confirm with . or Enter, or press ? or * to list all spells.
Aiming: Mephitic Cloud (safe; 1% risk of failure)
Press: ? - help, Shift-Dir - straight line, f/p - Harold
Aim: Harold, wielding a +0 morningstar and wearing a +0 scale mail (moderately wounded, very poisoned, chance to affect: 58%)
The ball explodes into a vile cloud!
The stinking cloud engulfs Harold but does no damage.
Harold is moderately wounded.
The stinking cloud engulfs you but does no damage.
* * * LOW HITPOINT WARNING * * *
Harold is engulfed in noxious fumes.
Harold hits you with a +0 morningstar!
You die...

#..###########...#
#.+# ##...####
#.....# #.....#
#.....#
##...########
.#..(##.....##
#.......○☼☼...#
#####...@@§...#
+....○°.§.#
#.....☼○..#
.........☼..#
.....##.....##
#######......#
#......# ########


You could see Harold (very poisoned).

Vanquished Creatures
  Pikel (D:7)
  A hornet (D:7)
  Sigmund (D:5)
  Eustachio (D:4)
  A wyvern (D:6)
  4 sky beasts
  2 orc warriors
  2 ogres
  A black bear (D:6)
  A centaur (D:8)
  A phantom (D:5)
  A bullfrog (D:7)
  3 scorpions
  3 killer bees (D:4)
  A howler monkey (D:7)
  4 hounds
  A bullfrog zombie (D:6)
  2 orc priests (D:8)
  A centaur skeleton (D:4)
  2 gnoll shamans
  2 iguanas
  5 orc wizards
  A killer bee zombie (D:6)
  A hound zombie (D:3)
  2 howler monkey zombies
  5 adders
  7 gnolls
  A howler monkey skeleton (D:7)
  A white imp (D:7)
  2 ufetubi
  2 adder zombies (D:3)
  2 worms (D:2)
  4 dart slugs
  11 orcs
  10 endoplasms
  4 giant cockroaches
  7 hobgoblins
  3 jackals (D:4)
  4 quokkas
  3 ball pythons
  4 bats
  3 frilled lizards
  11 goblins
  8 kobolds
  4 rats
141 creatures vanquished.

Vanquished Creatures (collateral kills)
  A centaur zombie (D:5)
  Menkaure (D:4)
  An adder (D:4)
3 creatures vanquished.

Grand Total: 144 creatures vanquished

Notes
Turn   | Place    | Note
-------+----------+-------------------------------------------
     0 | D:1      | gruber the Djinni Hedge Wizard began the quest for the Orb.
     0 | D:1      | Reached XP level 1. HP: 15/15 MP: 0/0
   334 | D:1      | Reached XP level 2. HP: 5/21 MP: 0/0
  1618 | D:2      | Reached XP level 3. HP: 22/25 MP: 0/0
  1618 | D:2      | Learned a level 1 spell: Apportation
  2031 | D:2      | Found a hide-covered altar of Uskayaw.
  2716 | D:2      | Reached XP level 4. HP: 26/31 MP: 0/0
  2931 | D:2      | Found a faded altar of an unknown god.
  3412 | D:3      | Found a basalt altar of Yredelemnul.
  3943 | D:3      | Found a sparkling altar of Nemelex Xobeh.
  3957 | D:3      | Found a stormy altar of Qazlal.
  4066 | D:3      | Found a shimmering altar of Xom.
  4066 | D:3      | Found a shimmering altar of Xom.
  4067 | D:3      | Found a shimmering altar of Xom.
  4069 | D:3      | Found a shimmering altar of Xom.
  4100 | D:3      | Reached XP level 5. HP: 34/35 MP: 0/0
  4100 | D:3      | Learned a level 2 spell: Poisonous Vapours
  5066 | D:4      | Noticed an ogre
  5077 | D:4      | Killed an ogre
  5078 | D:4      | Reached XP level 6. HP: 29/40 MP: 0/0
  5179 | D:4      | Reached skill level 5 in Spellcasting
  5325 | D:4      | Noticed Eustachio
  5344 | D:4      | Killed Eustachio
  5345 | D:4      | Reached XP level 7. HP: 20/45 MP: 0/0
  5345 | D:4      | Learned a level 3 spell: Teleport Other
  5724 | D:4      | Noticed Menkaure
  6526 | D:4      | Found a snail-covered altar of Cheibriados.
  6624 | D:4      | HP: 2/45 [Menkaure/nerve-wracking pain (8)]
  7009 | D:4      | Killed Menkaure
  7218 | D:4      | Reached XP level 8. HP: 47/50 MP: 0/0
  7645 | D:5      | Entered Level 5 of the Dungeon
  7645 | D:5      | Noticed Sigmund
  7654 | D:5      | Killed Sigmund
  8478 | D:5      | Found Wicevef's Magic Scroll Shoppe.
  8596 | D:5      | Reached XP level 9. HP: 25/55 MP: 0/0
  8596 | D:5      | Learned a level 3 spell: Summon Guardian Golem
  9331 | D:6      | Found a staircase to the Ecumenical Temple.
 10756 | D:7      | Reached skill level 5 in Dodging
 10875 | D:7      | Noticed Pikel
 10893 | D:7      | Killed Pikel
 11204 | D:7      | Reached XP level 10. HP: 44/60 MP: 0/0
 11759 | Temple   | Entered the Ecumenical Temple
 11900 | Temple   | Became a worshipper of Makhleb the Destroyer
 12372 | D:8      | Found a hide-covered altar of Uskayaw.
 12401 | D:8      | Reached skill level 1 in Maces & Flails
 12681 | D:8      | Noticed Harold
 12689 | D:8      | Slain by Harold

Illustrated notes

Levels and vault maps discovered:
D:1:      lemuel_arrival_broad_hall, layout_loops_ring, serial_bayou_lagoon_b
D:2:      layout_basic, basic_altar, shapermc_ecumenical_altar_hornbeckon
D:3:      layout_loops_ring, nicolae_yredelemnul_corpse_copse,
          nemelex_diamond_rough_becter, xom_redecorated,
          mainiacjoe_overflow_catwalk
D:4:      layout_cave_pods, kennysheep_slug_shrine,
          minmay_misc_feat_more_columns, uniq_menkaure, uniq_eustachio
D:5:      layout_cave_pools, serial_shops, nicolae_shop_crystal, uniq_sigmund
D:6:      layout_rooms, minmay_temple_entry_sparse_star, hex_large,
          corner_web_ring
D:7:      layout_gridville, minmay_misc_feat_nine_boxes, uniq_pikel
D:8:      layout_gridville, mainiacjoe_overflow_surrounded_room,
          old_standard_altar, nicolae_shop_self_help, uniq_harold
Temple:   minmay_temple_curvy_loop

Skill      XL: |  1  2  3  4  5  6  7  8  9 10 |
---------------+-------------------------------+-----
Spellcasting   | 3 4 5 6 8 9 |  9.1
Dodging        | 7 9 |  9.1
Maces & Flails | 1 |  1.1
Stealth        | |  1.5

Action                   |  1- 3 |  4- 6 |  7- 9 | 10-12 || total
-------------------------+-------+-------+-------+-------++-------
Melee: Dagger            |       |     2 |    27 |       ||    29
       Whip              |       |       |       |    32 ||    32
 Cast: Magic Dart        |   108 |    91 |   136 |    25 ||   360
       Mephitic Cloud    |       |     2 |     5 |     5 ||    12
       Poisonous Vapours |       |     4 |    72 |    27 ||   103
       Call Imp          |       |       |    15 |       ||    15
       Blink             |       |       |     5 |       ||     5
       Slow              |       |       |     2 |       ||     2
 Stab: Confused          |       |       |     3 |       ||     3
Armor: Robe              |     3 |     9 |    14 |     3 ||    29
Dodge: Dodged            |     7 |    49 |    59 |    44 ||   159

Table legend: (Time is in decaauts)
 A = Elapsed time spent in this place.
 B = Non-inter-level travel time spent in this place.
 C = Inter-level travel time spent in this place.
 D = Time resting spent in this place.
 E = Time spent auto-exploring this place.
 F = Levels seen in this place.
 G = Mean time per level.
                   A        B        C        D        E       F      G
               +--------+--------+--------+--------+--------+-----+--------+
         Total |  12696 |  12386 |    310 |    777 |  10425 |   9 | 1410.7 |
       Dungeon |  12537 |  12245 |    292 |    777 |  10297 |   8 | 1567.1 |
        Temple |    158 |    141 |     17 |      0 |    128 |   1 |  158.0 |
               +--------+--------+--------+--------+--------+-----+--------+

Top non-repeatable levels by time:
     D:4: 2980 daAuts
     D:2: 1934 daAuts
     D:3: 1676 daAuts
     D:1: 1600 daAuts
     D:7: 1497 daAuts
     D:6: 1168 daAuts
     D:5: 952 daAuts
     D:8: 727 daAuts
  Temple: 158 daAuts
